 Dungeon Crawl Stone Soup version 0.27-a0-1612-gde56a17b89 (webtiles) character file.

Game seed: 5426599702621827498

191 monkeymoney the Grave Robber (level 5, -2/37 HPs)
             Began as a Demonspawn Necromancer on July 22, 2021.
             Slain by a phantom (3 damage)
             ... on level 4 of the Dungeon.
             The game lasted 00:08:16 (4552 turns).

monkeymoney the Grave Robber (DsNe)                 Turns: 4552, Time: 00:08:17

Health: -2/37      AC:  5    Str:  8    XL:     5   Next: 42%
Magic:  17/17      EV: 12    Int: 17    God:
Gold:   136        SH:  0    Dex: 14    Spells: 3/9 levels left

rFire    . . .     SeeInvis .   b - +1 broad axe
rCold    . . .     Faith    .   (no shield)
rNeg     . . .     Spirit   .   a - +0 robe
rPois    .         Reflect  .   (no helmet)
rElec    .         Harm     .   (no cloak)
rCorr    .         Rampage  .   e - +0 pair of gloves
Will     .....                  (no boots)
Stlth    ++........             (no amulet)
HPRegen  0.12/turn              f - ring of magical power
MPRegen  0.15/turn              (no ring)

@: no status effects
A: thin metallic scales 1
a: no special abilities


You were on level 4 of the Dungeon.
You visited 1 branch of the dungeon, and saw 4 of its levels.

You collected 136 gold pieces.

Inventory:

Hand Weapons
 b - a +1 broad axe (weapon)
Armour
 a - a +0 robe (worn)
 e - a +0 pair of gloves (worn)
 k - a +0 leather armour
Jewellery
 f - a ring of magical power (left hand)
Scrolls
 c - 2 scrolls of fog
 d - a scroll of blinking
 i - a scroll of silence
Potions
 g - a potion of curing
 h - a potion of heal wounds {unknown}
 j - 2 potions of magic {unknown}
 l - a potion of degeneration {unknown}
 m - a potion of attraction {unknown}


   Skills:
 + Level 1.4 Fighting
 + Level 1.2 Axes
 + Level 1.4 Armour
 + Level 2.3 Dodging
 * Level 3.0 Stealth
 + Level 2.5 Spellcasting
 * Level 5.1 Necromancy
 + Level 0.0 Transmutations


You had 3 spell levels left.
You knew the following spells:

 Your Spells              Type           Power      Damage    Failure   Level
a - Pain                  Necr           76%        1d7       2%          1
b - Vampiric Draining     Necr           9%         2d7       7%          3
c - Wereblood             Tmut           2%         N/A       26%         2

Your spell library contained the following spells:

 Spells                   Type           Power      Damage    Failure   Level
 Animate Skeleton         Necr           38%        N/A       2%          1
 Sublimation of Blood     Necr           9%         N/A       3%          2
 Animate Dead             Necr           9%         N/A       22%         4
 Agony                    Necr           19%        N/A       52%         5
 Summon Hydra             Summ           1%         N/A       100%        7


Dungeon Overview and Level Annotations

Branches:
Dungeon (4/15)
 Temple: D:4-7

Altars:
Qazlal
Zin

Shops:
D:3 ?


Innate Abilities, Weirdness & Mutations

You are partially covered in thin metallic scales. (AC +2)


Message History

The phantom is severely damaged.
The phantom closely misses you.
Unknown command.
You feel better.
The phantom hits you but does no damage.
You miss the phantom.
The phantom is severely damaged.
The phantom completely misses you. The phantom hits you.
You completely miss the phantom.
The phantom is severely damaged.
The phantom hits you.
You slash the phantom!
The phantom is almost destroyed.
The phantom completely misses you. The phantom barely misses you.
You completely miss the phantom.
The phantom is almost destroyed.
The phantom closely misses you.
You hit the phantom.
The phantom is almost destroyed.
The phantom hits you.
The phantom hits you but does no damage.
You miss the phantom.
The phantom is almost destroyed.
The phantom hits you.
* * * LOW HITPOINT WARNING * * *
The phantom blinks!
You blink.
Unknown command.
You barely miss the phantom.
The phantom is almost destroyed.
The phantom hits you.
* * * LOW HITPOINT WARNING * * *
The phantom hits you!
* * * LOW HITPOINT WARNING * * *
You closely miss the phantom.
The phantom is almost destroyed.
The phantom misses you.
You completely miss the phantom.
The phantom is almost destroyed.
The phantom hits you.
You die...

#:...##.... #.# #.
#.....########.#
.###.#..#.....(.##..#####.
..........#####..[.........
....#..### ##.#######...
.........#### ##.#
............# #..#
#..#.......W###.##
#....##.##..@#..##### #....
#..#..........# ...#
##.#..#........# .#. .#
#.##....####..# #...
#....#..## ..# #.#.
##.......# ..
#.#.###.####..# . #...#...#
##..# #..#.### ....


You could see a phantom.

Vanquished Creatures
  2 jellies (D:2)
  4 adders
  A worm (D:4)
  A dart slug (D:3)
  3 orcs (D:3)
  8 bats
  13 endoplasms
  2 giant cockroaches
  8 hobgoblins
  11 jackals
  3 quokkas
  4 ball pythons
  2 goblins
  12 kobolds
  6 rats
80 creatures vanquished.

Vanquished Creatures (others)
  7 fungi (D:2)
  6 toadstools (D:2)
13 creatures vanquished.

Grand Total: 93 creatures vanquished

Notes
Turn   | Place    | Note
-------+----------+-------------------------------------------
     0 | D:1      | monkeymoney the Demonspawn Necromancer began the quest for
                  | the Orb.
     0 | D:1      | Reached XP level 1. HP: 13/13 MP: 3/3
   409 | D:1      | Gained mutation: You are partially covered in thin metallic
                  | scales. (AC +2) [demonic ancestry]
   409 | D:1      | Reached XP level 2. HP: 6/20 MP: 5/5
  1550 | D:1      | Reached XP level 3. HP: 25/25 MP: 6/6
  1963 | D:2      | Learned a level 3 spell: Vampiric Draining
  2168 | D:2      | HP: 1/37 [kobold (4)]
  2554 | D:2      | Found a faded altar of an unknown god.
  2576 | D:2      | Reached skill level 1 in Fighting
  2647 | D:2      | Reached skill level 1 in Armour
  3051 | D:2      | Reached XP level 4. HP: 29/32 MP: 4/7
  3053 | D:2      | Reached skill level 1 in Axes
  3509 | D:3      | Reached skill level 5 in Necromancy
  3511 | D:3      | Reached XP level 5. HP: 37/37 MP: 8/8
  3675 | D:3      | Learned a level 2 spell: Wereblood
  3708 | D:3      | Found Ifuorpha's Magic Scroll Shop.
  4302 | D:3      | Found a stormy altar of Qazlal.
  4521 | D:4      | Noticed a phantom
  4550 | D:4      | HP: 1/37 [phantom (8)]
  4552 | D:4      | Slain by a phantom

Illustrated notes

Levels and vault maps discovered:
D:1:      erik_arrival_triangle_medium, layout_basic, minmay_misc_feat_room
D:2:      cheibrodos_fertilizer, layout_loops_cross, basic_ecumenical_altar
D:3:      layout_basic, mainiacjoe_overflow_surrounded_room,
          mainiacjoe_overflow_boulevard, serial_shops, nicolae_shop_crystal,
          chequers_serial_rivers_small_b, st_stairs_2
D:4:      layout_rooms, nicolae_dithmenos_through_a_glass_darkly,
          hangedman_decor_push

Skill      XL: |  1  2  3  4  5 |
---------------+----------------+-----
Stealth        | 2 3 |  3.0
Dodging        | 2 |  2.3
Fighting       | 1 |  1.4
Armour         | 1 |  1.4
Axes           | 1 |  1.2
Necromancy     | 5 |  5.1
Spellcasting   | |  2.5

Action                   |  1- 3 |  4- 6 || total
-------------------------+-------+-------++-------
Melee: Broad axe         |    76 |    73 ||   149
       Unarmed           |     1 |       ||     1
 Cast: Pain              |    48 |    28 ||    76
       Vampiric Draining |       |     6 ||     6
       Wereblood         |       |     1 ||     1
  Use: Scroll            |     3 |     3 ||     6
       Potion            |     1 |     1 ||     2
 Stab: Sleeping          |     3 |     2 ||     5
Armor: Robe              |    34 |    25 ||    59
Dodge: Dodged            |    88 |    62 ||   150

Table legend: (Time is in decaauts)
 A = Elapsed time spent in this place.
 B = Non-inter-level travel time spent in this place.
 C = Inter-level travel time spent in this place.
 D = Time resting spent in this place.
 E = Time spent auto-exploring this place.
 F = Levels seen in this place.
 G = Mean time per level.
                   A        B        C        D        E       F      G
               +--------+--------+--------+--------+--------+-----+--------+
         Total |   4647 |   4539 |    108 |   1801 |   2065 |   4 | 1161.8 |
       Dungeon |   4647 |   4539 |    108 |   1801 |   2065 |   4 | 1161.8 |
               +--------+--------+--------+--------+--------+-----+--------+

Top non-repeatable levels by time:
     D:1: 1934 daAuts
     D:2: 1634 daAuts
     D:3: 953 daAuts
     D:4: 125 daAuts
